 Dungeon Crawl Stone Soup version 0.31-a0-187-gba352fbbf7 (webtiles) character file.

Game seed: 14320096788345716887

28 qw the Shooter (level 3, -3/20 HPs)
             Began as a Deep Elf Hunter on June 22, 2023.
             Slain by Terence
             ... wielding a +2 trident of distortion
              (7 damage)
             ... on level 2 of the Dungeon.
             The game lasted 00:00:16 (737 turns).

qw the Shooter (Deep Elf Hunter)                     Turns: 737, Time: 00:00:17

Health: -3/20      AC:  4    Str: 10    XL:     3   Next: 0%
Magic:  5/5        EV: 12    Int: 13    God:
Gold:   58         SH:  0    Dex: 18    Spells: 2/2 levels left

rFire   . . .        Y - +0 shortbow
rCold   . . .        (shield currently unavailable)
rNeg    . . .        c - +0 leather armour
rPois   .            (no helmet)
rElec   .            (no cloak)
rCorr   .            (no gloves)
SInv    .            i - +0 pair of boots
Will    .....        (no amulet)
Stlth   ++           (no ring)
HPRegen 0.23/turn    (no ring)
MPRegen 0.09/turn

%: no passive effects
@: no status effects
A: no striking features
a: no special abilities


You were on level 2 of the Dungeon.
You visited 1 branch of the dungeon, and saw 2 of its levels.

You collected 58 gold pieces.


   Skills:
 - Level 1.5 Fighting
 + Level 6.6 Ranged Weapons
 - Level 2.4 Dodging
 - Level 1.2 Stealth


You had 2 spell levels left.
You didn't know any spells.
Your spell library was empty.

Inventory:

Hand Weapons
 Y - a +0 shortbow (weapon)
Armour
 c - a +0 leather armour (worn)
 i - a +0 pair of boots (worn)

Dungeon Overview and Level Annotations

Branches:
Dungeon (2/15)

Altars:

Shops:
D:2 !

Annotations:
D:2 Terence


Message History

You shoot an arrow. The arrow hits the endoplasm.
The endoplasm is lightly wounded.
You shoot an arrow. The arrow hits the endoplasm!
You kill the endoplasm!
Terence the Incautious comes into view.
He is wielding a +2 trident of distortion.
You shoot an arrow.
The arrow hits Terence but does no damage.
Terence shouts!
You hear a shout!
A goblin comes into view. It is wielding a +0 dagger.
You shoot an arrow. The goblin shouts!
The arrow hits Terence but does no damage.
You shoot an arrow. The arrow barely misses Terence.
The arrow hits the goblin.
You kill the goblin!
You have reached level 3!
Your experience leads to an increase in your attributes!
Increase (S)trength, (I)ntelligence, or (D)exterity?
You feel stronger. x2
You shoot an arrow. The arrow hits Terence.
Terence is lightly wounded.
A goblin comes into view. It is wielding a +0 dagger.
An adder comes into view.
You shoot an arrow. The adder hisses angrily.
The arrow hits Terence but does no damage.
Terence is lightly wounded.
You shoot an arrow. The arrow barely misses Terence.
A goblin comes into view. It is wielding a +0 club.
Terence hits you from afar with a +2 trident of distortion!
Ouch! That really hurt!
Space warps around you. Terence closely misses you.
You shoot an arrow. The arrow hits Terence.
Terence is moderately wounded.
Terence closely misses you.
You shoot an arrow. The arrow closely misses Terence.
The arrow barely misses the goblin.
The arrow hits the goblin.
You kill the goblin!
Terence hits you from afar with a +2 trident of distortion!
You die...

#.# #.# #########.#
<........## ##
###.......# .# #
#.####.#.# .# # #.#
#.# .# .# # #.# #\#
#####.# # #.####.#
##..@.### #
#......####.##.S@.....
#
######........##g...).
# #.##.####.#...)..
#.##.# ......# #.##.#
..#### #.###. .# #.# #
. #.#


You could see Terence, an adder and a goblin.

Vanquished Creatures
  A ball python (D:1)
  4 endoplasms
  A giant cockroach (D:1)
  2 goblins (D:2)
  3 hobgoblins (D:1)
  2 jackals (D:1)
  4 kobolds (D:1)
  3 quokkas (D:1)
  2 bats (D:1)
  2 frilled lizards (D:1)
  A rat (D:1)
25 creatures vanquished.

Notes
Turn   | Place    | Note
-------+----------+-------------------------------------------
     0 | D:1      | qw the Deep Elf Hunter began the quest for the Orb.
     0 | D:1      | Reached XP level 1. HP: 12/12 MP: 3/3
     0 | D:1      | 0 ||| qw: Version: 0.3-a-9-g12657ce
     0 | D:1      | 0 ||| qw: Game counter: 2275
     0 | D:1      | 0 ||| qw: Always use a shield: true
     0 | D:1      | 0 ||| qw: God list: Okawaru
     0 | D:1      | 0 ||| qw: Allow faded altars: false
     0 | D:1      | 0 ||| qw: Do Orc after D:15 true
     0 | D:1      | 0 ||| qw: Do second Lair branch before Depths: true
     0 | D:1      | 0 ||| qw: Lair rune preference: random
     0 | D:1      | 0 ||| qw: Plans: Normal
     0 | D:1      | 0 ||| PLANNING D:1-11
   128 | D:1      | Reached XP level 2. HP: 15/16 MP: 4/4
   131 | D:1      | Reached skill level 6 in Ranged Weapons
   612 | D:1      | 612 ||| UPGRADING to +0 pair of boots.
   617 | D:1      | 617 ||| DROPPING ring of magical power.
   618 | D:1      | 618 ||| READING scroll labelled KUR DIMNAE.
   619 | D:1      | 619 ||| READING scroll labelled JIHIRGH HOPN.
   620 | D:1      | 620 ||| READING scroll labelled QUNLIOH METUROYDU.
   621 | D:1      | 621 ||| READING scroll labelled JUMO TY BOG.
   622 | D:1      | 622 ||| READING scroll labelled JIUCAC FYQI.
   623 | D:1      | 623 ||| READING scroll labelled DYCZEO QIEPOMI.
   624 | D:1      | 624 ||| DROPPING scroll of butterflies.
   710 | D:2      | Found Teaka's Distillery.
   715 | D:2      | 715 ||| SHOPLISTING potion of heal wounds (65 gold, have
                  | 58).
   729 | D:2      | Noticed Terence
   733 | D:2      | Reached XP level 3. HP: 20/20 MP: 5/5
   735 | D:2      | HP: 4/20 [Terence/+2 trident of distortion (4)]
   737 | D:2      | Slain by Terence

Levels and vault maps discovered:
D:1:      wheals_arrival_linesprint, layout_rooms
D:2:      layout_loops_ring, serial_shops, shop, minmay_distorted, uniq_terence

Skill      XL: |  1  2 |
---------------+-------+-----
Ranged Weapons | 6 |  6.6
Fighting       | |  1.5
Dodging        | |  2.4
Stealth        | |  1.2

Action                     || total
---------------------------++-------
   Fire: Shortbow          ||    61
    Use: Scroll            ||     6
 Armour: Leather armour    ||    12
  Dodge: Dodged            ||    26

Table legend:
 A = Non-vault XP
 B = Vault XP
 C = Vault XP percentage of total XP
 D = Non-vault monster count
 E = Vault monster count
 F = Vault count percentage of total count
                 A         B        C        D         E       F
            +---------+---------+-------+---------+---------+-------
      Total |      41 |       2 |   4.7 |      24 |       1 |   4.0
            +---------+---------+-------+---------+---------+-------
        D:1 |      37 |       0 |   0.0 |      22 |       0 |   0.0
        D:2 |       4 |       2 |  33.3 |       2 |       1 |  33.3
            +---------+---------+-------+---------+---------+-------
